 Dungeon Crawl Stone Soup version 0.22.1-1-ga44c0e56f4 (webtiles) character file.

260266 lrcobra the Warrior (level 19, 0/185 HPs)
             Began as a Hill Orc Fighter on Sept 22, 2018.
             Was the Champion of Makhleb.
             Slain by a deep troll shaman (illusionary) (16 damage)
             ... led by an ironheart preserver
             ... on level 1 of the Vaults on Oct 7, 2018.
             The game lasted 14:06:46 (48106 turns).

lrcobra the Warrior (Hill Orc Fighter)             Turns: 48106, Time: 14:06:47

Health: 0/185      AC: 27    Str: 31    XL:     19   Next: 92%
Magic:  0/42       EV:  8    Int: 18    God:    Makhleb [******]
Gold:   4168       SH:  5    Dex: 12    Spells: 18/18 levels left

rFire    . . .     SeeInvis .   R - +2 hand axe (elec)
rCold    . . .     Gourm    .   (no shield)
rNeg     + . .     Faith    .   n - +3 plate armour of the New World {rElec Str+4 Int+3}
rPois    +         Spirit   +   a - +3 hat of Pondering {ponderous, MR+ MP+10 Int+5}
rElec    +         Reflect  +   D - scarf {Spirit}
rCorr    .         Harm     .   B - +0 pair of gloves
MR       ++...                  k - +0 pair of boots
Stlth    ..........             y - +5 amulet of reflection
HPRegen  0.40/turn              b - ring of positive energy
MPRegen  0.28/turn              l - ring of poison resistance

@: drained, slow
A: thin skeletal structure 1, clever 1
}: 2/15 runes: decaying, serpentine
a: Minor Destruction, Lesser Servant of Makhleb, Major Destruction, Greater
Servant of Makhleb, Renounce Religion


You were on level 1 of the Vaults.
You worshipped Makhleb.
Makhleb was exalted by your worship.
You were hungry.

You visited 8 branches of the dungeon, and saw 34 of its levels.
You also visited: Labyrinth, Sewer and Bailey.

You collected 4318 gold pieces.
You spent 150 gold pieces at shops.

Inventory:

Hand Weapons
 j - the +11 shortbow "Gadghi" {freeze, Dex+3}
   (You found it in a bailey)

   It causes projectiles fired from it to freeze those they strike, causing
   extra injury to most foes and up to half again as much damage against
   particularly susceptible opponents.
   They can also slow down cold-blooded creatures.
   It affects your dexterity (+3).
 t - the +3 lajatang of the Final Decision {freeze, +Blink}
   (You found it on level 3 of the Lair of Beasts)

   It has been specially enchanted to freeze those struck by it, causing extra
   injury to most foes and up to half again as much damage against particularly
   susceptible opponents.
   It can also slow down cold-blooded creatures.
   It lets you blink.
 N - the cursed +14 obsidian axe {chop, +Fly SInv *Curse}
   (You took it off a tengu warrior on level 14 of the Dungeon)

   It inflicts extra damage upon your enemies.
   It lets you see invisible.
   It lets you fly.
   It curses itself when equipped.
   It has a curse placed upon it.
 Q - a +0 flail of holy wrath
 R - a +2 hand axe of electrocution (weapon)
 W - a +2 demon trident of venom
Missiles
 p - 126 bolts
 F - 505 arrows
Armour
 a - the +3 hat of Pondering (worn) {ponderous, MR+ MP+10 Int+5}
   (You took it off Gastronok on level 10 of the Dungeon)

   It affects your intelligence (+5).
   It affects your resistance to hostile enchantments.
   It affects your magic capacity (+10).
 c - the +3 scale mail of Vanity {rN+ MP+9 Str+4 Stlth-}
   (You took it off a minotaur in a labyrinth)

   It affects your strength (+4).
   It protects you from negative energy.
   It affects your magic capacity (+9).
   It makes you less stealthy.
 d - a +1 buckler of protection
 k - a +0 pair of boots (worn)
 n - the +3 plate armour of the New World (worn) {rElec Str+4 Int+3}
   (You found it on level 9 of the Dungeon)

   It affects your strength (+4).
   It affects your intelligence (+3).
   It insulates you from electricity.
 B - a +0 pair of gloves (worn)
 D - a scarf of spirit shield (worn)
Jewellery
 b - a ring of positive energy (left hand)
 g - an uncursed ring of positive energy
 l - a ring of poison resistance (right hand)
 y - a +5 amulet of reflection (around neck)
 H - an uncursed ring of ice
 K - an uncursed ring of see invisible
 O - an uncursed ring of resist corrosion
 T - an uncursed amulet of the acrobat
Wands
 h - a wand of digging (57)
Scrolls
 m - 16 scrolls of remove curse
 o - 9 scrolls of identify
 q - a scroll of magic mapping
 s - a scroll of fear
 G - 13 scrolls of teleportation
 V - 3 scrolls of fog
Potions
 I - 4 potions of resistance
 J - 6 potions of might
 Z - 20 potions of curing
Miscellaneous
 S - a lamp of fire (inert)
Comestibles
 f - 36 rations


   Skills:
 + Level 20.1(19.7) Fighting
 - Level 20.0(19.6) Axes
 - Level 7.0(6.7) Bows
 + Level 18.4(18.0) Armour
 - Level 7.7(7.4) Shields
 - Level 18.0(17.6) Invocations
 - Level 9.0(8.7) Evocations


You had 18 spell levels left.
You didn't know any spells.
Your spell library contained the following spells:

 Spells                   Type           Power        Failure   Level  Hunger
 Animate Skeleton         Necr           N/A          67%         1    ##.....
 Beastly Appendage        Tmut           #.....       67%         1    ##.....
 Confusing Touch          Hex            #.....       67%         1    ##.....
 Flame Tongue             Conj/Fire      #....        67%         1    ##.....
 Pain                     Necr           #...         67%         1    ##.....
 Sandblast                Erth           #.....       67%         1    ##.....
 Ensorcelled Hibernation  Hex/Ice        #.....       82%         2    ###....
 Passwall                 Tmut/Erth      #.......     82%         2    ###....
 Sticks to Snakes         Tmut           #.......     82%         2    ###....
 Swiftness                Chrm/Air       #.......     82%         2    ###....
 Throw Flame              Conj/Fire      #.....       82%         2    ###....
 Confuse                  Hex            #.......     96%         3    ####...
 Conjure Flame            Conj/Fire      #.......     96%         3    ####...
 Gell's Gravitas          Tloc           #.........   96%         3    ####...
 Ignite Poison            Fire/Tmut/Pois #.......     96%         3    ####...
 Inner Flame              Hex/Fire       #.......     96%         3    ####...
 Regeneration             Chrm/Necr      #.........   96%         3    ####...
 Spider Form              Tmut/Pois      #.........   96%         3    ####...
 Stone Arrow              Conj/Erth      #.....       96%         3    ####...
 Vampiric Draining        Necr           #.........   96%         3    ####...
 Animate Dead             Necr           N/A          100%        4    #####..
 Cause Fear               Hex            #.........   100%        4    #####..
 Ice Form                 Ice/Tmut       #.......     100%        4    #####..
 Passage of Golubria      Tloc           N/A          100%        4    #####..
 Petrify                  Tmut/Erth      #.......     100%        4    #####..
 Sticky Flame             Conj/Fire      #.......     100%        4    #####..
 Blade Hands              Tmut           #.........   100%        5    ######.
 Bolt of Magma            Conj/Fire/Erth #.........   100%        5    ######.
 Borgnjor's Vile Clutch   Necr/Erth      #.........   100%        5    ######.
 Fireball                 Conj/Fire      #.........   100%        5    ######.
 Iskenderun's Battlesphe  Conj/Chrm      #.......     100%        5    ######.
 Lee's Rapid Deconstruct  Erth           #.........   100%        5    ######.
 Metabolic Englaciation   Hex/Ice        #.........   100%        5    ######.
 Silence                  Hex/Air        #.........   100%        5    ######.
 Venom Bolt               Conj/Pois      #.........   100%        5    ######.
 Yara's Violent Unravell  Hex/Tmut       #.........   100%        5    ######.
 Bolt of Fire             Conj/Fire      #.........   100%        6    #######
 Darkness                 Hex            #.........   100%        6    #######
 Deflect Missiles         Chrm/Air       #.........   100%        6    #######
 Invisibility             Hex            #.......     100%        6    #######
 Iron Shot                Conj/Erth      #.........   100%        6    #######
 Shadow Creatures         Summ           N/A          100%        6    #######
 Orb of Destruction       Conj           #.........   100%        7    #######
 Ring of Flames           Chrm/Fire      #.........   100%        7    #######
 Spellforged Servitor     Conj/Summ      #.........   100%        7    #######
 Discord                  Hex            #.........   100%        8    #######
 Ignition                 Fire           #.........   100%        8    #######


Dungeon Overview and Level Annotations

Branches:
Dungeon (15/15)            Temple (1/1) D:7            Lair (6/6) D:11
  Swamp (4/4) Lair:3        Snake (4/4) Lair:3        Slime (0/5) Lair:5
    Orc (2/2) D:12            Elf (0/3) Orc:2        Vaults (1/5) D:14
 Depths (1/5) D:15

Altars:
Ashenzari
Cheibriados
Elyvilon
Fedhas
Gozag
Hepliaklqana
Kikubaaqudgha
Makhleb
Nemelex Xobeh
Okawaru
Qazlal
Ru
Sif Muna
Trog
Uskayaw
Vehumet
Wu Jian
Xom
Yredelemnul
Zin
The Shining One
Beogh
Jiyva

Shops:
D:4 ?   D:13 [   Orc:1 *   Orc:2 :*[![   Snake:2 *   Snake:3 :   Vaults:1 *

Annotations:
D:4 Prince Ribbit
D:7 1 runed door, Valentain's ghost, novice TeSu
Swamp:2 exclusion: Roxanne, Roxanne
Swamp:3 Lernaean hydra


Innate Abilities, Weirdness & Mutations

You have a somewhat thin skeletal structure. (Dex +2, Stealth)
Your mind is acute. (Int +2)


Message History

The centaur wields a shortbow.
The centaur shoots an arrow.
The arrow hits you but does no damage.
The arrow shimmers and vanishes!
The rakshasa blinks!
The deep troll shaman barely misses you.
You block the deep troll shaman's attack.
The deep troll shaman claws you!!
* * * LOW HITPOINT WARNING * * *
You hear a shout!
The centaur wields a shortbow.
The centaur shoots an arrow.
You reflect the arrow off an invisible shield around you!
The arrow hits the centaur!
The arrow disappears in a puff of smoke!
The centaur shoots an arrow.
The arrow barely misses you.
The arrow shimmers and vanishes!
The centaur shoots an arrow.
The arrow hits you.
* * * LOW HITPOINT WARNING * * *
The arrow shimmers and vanishes!
The deep troll shaman bites you!!
* * * LOW HITPOINT WARNING * * *
The deep troll shaman claws you!!
You die...

'...#.....##.........
##'##.....'..........
#...#.....##.#.#.#.#(
....#.....###### ....#.....#
....#.....# #####.....# ..#
#.....###################+###
..#
#...........@T..c............
..#
#............................
..#
#....).......................
..#
#................c.c.........
#.#
#.................cp.........
..#
###################[#####'###
..# #......# ... ..# #.....c#
.. ..# #......#


You could see an ironbrand convoker, a deep troll shaman and 4 centaurs.

Vanquished Creatures
  Rupert (Lair:5)
  Gastronok (D:10)
  Agnes (Snake:2)
  A sphinx (D:15)
  2 thorn hunters (Swamp:2)
  A storm dragon (Vaults:1)
  6 nagarajas
  A frost giant (D:15)
  3 very ugly things
  An ironheart preserver (Vaults:1)
  Nessos (Orc:2)
  2 dire elephants (Lair:6)
  A minotaur (Lab)
  4 yaktaur captains
  Josephine (D:12)
  A rakshasa (Vaults:1)
  9 naga warriors
  Fannar (Orc:1)
  3 vault guards (D:14)
  21 hydras
  A death knight (D:15)
  7 centaur warriors
  6 tengu warriors
  15 anacondas
  8 alligators
  9 two-headed ogres
  A deep troll shaman (Vaults:1)
  The ghost of jepeman the Covert, a journeyman SpEn of Dithmenos (D:13)
  An ogre mage (Vaults:1)
  The ghost of Cykl0x the Cleaver, a novice DsBe of Trog (Orc:1)
  2 deep troll earth magi (D:15)
  6 shock serpents
  4 orc high priests (Orc:2)
  A deep elf knight (D:15)
  Urug (D:12)
  11 naga sharpshooters
  6 salamander mystics (Snake:4)
  A hell knight (D:15)
  An unseen horror (shapeshifter) (Vaults:1)
  2 deep trolls (Vaults:1)
  2 glowing orange brains
  4 unseen horrors
  2 spriggan druids (Swamp:4)
  A flayed ghost (D:15)
  17 swamp dragons
  An orange crystal statue (D:8)
  A phantasmal warrior (D:14)
  A wizard (D:14)
  Pikel (D:8)
  An obsidian statue (D:8)
  4 shambling mangroves
  19 mana vipers
  11 naga ritualists
  4 lindwurms (Snake:4)
  3 necromancers (D:14)
  10 orc knights
  A harpy (Lair:6)
  18 ugly things
  9 cyclopes
  3 orc sorcerers
  A wolf spider (Vaults:1)
  2 deep elf magi
  7 salamanders
  3 elephants
  7 guardian serpents
  36 black mambas
  Joseph (D:9)
  A black mamba (shapeshifter) (Vaults:1)
  2 ice statues (Swamp:3)
  Psyche (D:8)
  2 gargoyles
  18 spiny frogs
  A vault sentinel (Vaults:1)
  19 naga magi
  6 centaur skeletons
  An efreet (D:13)
  13 komodo dragons
  7 rime drakes
  9 yaktaurs
  3 freezing wraiths
  14 trolls
  3 tengu conjurers
  16 tyrant leeches
  2 wind drakes (Lair:6)
  4 polar bears
  9 meliai
  16 hornets
  6 bog bodies
  29 slime creatures
  10 hippogriffs
  16 blink frogs
  3 shadows
  10 spriggans
  Sigmund (D:4)
  10 wraiths
  3 vampires
  37 yaks
  17 humans
  7 wyverns
  4 basilisks
  2 steam dragons (D:8)
  2 hungry ghosts (D:15)
  21 vampire mosquitoes
  14 insubstantial wisps
  A soldier ant (D:13)
  5 acid dragons
  15 swamp worms
  47 nagas
  Duvessa (D:5)
  10 water moccasins
  8 porcupines
  19 swamp drakes
  2 ice beasts (D:12)
  4 slaves (D:8)
  A hornet zombie (D:15)
  35 orc warriors
  4 sky beasts
  2 black bears (D:10)
  An eye of draining (D:15)
  11 ogres
  3 phantoms
  15 wolves
  7 boggarts
  11 centaurs
  13 crocodiles
  3 big kobolds
  22 bullfrogs
  Dowan (D:5)
  20 killer bees
  4 scorpions
  7 jellies
  9 wights
  2 electric eels
  3 howler monkeys
  6 crimson imps
  9 centaur zombies
  9 hounds
  21 orc priests
  2 bullfrog skeletons
  2 bullfrog zombies (D:12)
  4 iguanas
  19 orc wizards
  Natasha (thrice) (D:4)
  14 worker ants
  Ijyb (D:5)
  A hound zombie (D:8)
  A worker ant zombie (D:5)
  16 gnolls
  14 adders
  6 shadow imps
  6 oozes
  6 adder skeletons
  3 worms (D:2)
  A dart slug (D:2)
  12 leopard geckos
  88 orcs
  14 giant cockroaches
  9 goblins
  7 hobgoblins
  9 jackals
  18 kobolds
  5 quokkas
  5 ball pythons
  9 bats
  14 frilled lizards
  2 leopard gecko skeletons
  11 rats
  3 fungi
  A plant (Lair:2)
1293 creatures vanquished.

Vanquished Creatures (collateral kills)
  A merfolk avatar (Lair:6)
  A death knight (D:14)
  A deep elf mage (D:14)
  2 ugly things (D:14)
  An elephant (Lair:6)
  An ogre (Orc:1)
  A hound (D:14)
8 creatures vanquished.

Vanquished Creatures (others)
  2 naga sharpshooters
  A cyclops (D:15)
  A yaktaur (D:15)
  5 orc warriors (Bailey)
  3 centaurs
  5 orcs (Bailey)
  A kobold (D:7)
  3 briar patches (Swamp:2)
  7 fungi
  2 plants
  8 toadstools (Swamp:2)
38 creatures vanquished.

Grand Total: 1339 creatures vanquished

Notes
Turn   | Place    | Note
-------+----------+-------------------------------------------
     0 | D:1      | lrcobra the Hill Orc Fighter began the quest for the Orb.
     0 | D:1      | Reached XP level 1. HP: 19/19 MP: 1/1
     2 | D:1      | Found a runed door.
    56 | D:1      | Reached XP level 2. HP: 11/27 MP: 2/2
   514 | D:1      | Reached XP level 3. HP: 33/33 MP: 3/3
   604 | D:1      | Gained mutation: Your mind is acute. (Int +2) [potion of
                  | mutation]
   604 | D:1      | Gained mutation: You have a somewhat thin skeletal
                  | structure. (Dex +2, Stealth) [potion of mutation]
  1009 | D:1      | Reached XP level 4. HP: 32/40 MP: 4/4
  1408 | D:2      | Reached skill level 5 in Axes
  1616 | D:2      | Reached XP level 5. HP: 47/47 MP: 5/5
  1643 | D:2      | Found a faded altar of an unknown god.
  2206 | D:3      | Reached XP level 6. HP: 55/55 MP: 6/6
  2354 | D:3      | Reached skill level 5 in Fighting
  2982 | D:4      | Found Nouchoem's Magic Scroll Emporium.
  2996 | D:4      | Noticed Sigmund
  3115 | D:4      | Got a steaming war axe
  3148 | D:4      | Identified the cursed +1 war axe of Buefa {vamp, Int+5
                  | Dex+3} (You found it on level 4 of the Dungeon)
  3182 | D:4      | Reached skill level 5 in Armour
  3391 | D:4      | Reached XP level 7. HP: 54/61 MP: 7/7
  3532 | D:4      | Killed Sigmund
  3833 | D:4      | Noticed Natasha
  3852 | D:4      | Killed Natasha
  4000 | D:4      | Noticed Natasha
  4011 | D:4      | Killed Natasha
  4041 | D:5      | Entered Level 5 of the Dungeon
  4092 | D:5      | Noticed Dowan
  4096 | D:5      | Noticed Duvessa
  4178 | D:5      | Reached XP level 8. HP: 68/71 MP: 8/8
  4314 | D:5      | Killed Dowan
  4369 | D:4      | Noticed Natasha
  4381 | D:4      | HP: 2/71 [Natasha (7)]
  4385 | D:4      | Killed Natasha
  4695 | D:5      | Noticed Prince Ribbit
  5219 | D:5      | Noticed Ijyb
  5238 | D:5      | Killed Ijyb
  5630 | D:5      | Killed Duvessa
  5776 | D:5      | Found a stormy altar of Qazlal.
  6518 | D:6      | Reached skill level 10 in Axes
  6556 | D:6      | Found a glowing drain.
  6570 | Sewer    | Entered a sewer
  6959 | D:6      | Reached XP level 9. HP: 73/79 MP: 9/9
  7825 | D:7      | Found a staircase to the Ecumenical Temple.
  8129 | D:7      | Found an ancient bone altar of Kikubaaqudgha.
  8142 | D:7      | Found a blossoming altar of Fedhas.
  8145 | D:7      | Found a sacrificial altar of Ru.
  8146 | D:7      | Found a bloodstained altar of Trog.
  8147 | D:7      | Found a hazy altar of Hepliaklqana.
  8456 | D:7      | Noticed a hornet
  8467 | D:7      | Paralysed by a hornet for 3 turns
  8472 | D:7      | Killed a hornet
  8744 | D:7      | Found a deep blue altar of Sif Muna.
  8834 | D:7      | Found a runed door.
  8839 | D:7      | Noticed Valentain's ghost (novice TeSu)
  9273 | D:8      | Reached XP level 10. HP: 90/91 MP: 10/10
  9503 | D:8      | Noticed an obsidian statue
  9516 | D:8      | Noticed a two-headed ogre
  9530 | D:8      | Killed a two-headed ogre
  9715 | D:8      | Found a flagged portal.
  9722 | Bailey   | Entered a bailey
 10445 | Bailey   | Noticed an orc knight
 10652 | Bailey   | Reached skill level 5 in Shields
 10687 | Bailey   | Reached skill level 10 in Fighting
 10893 | Bailey   | Killed an orc knight
 10951 | Bailey   | Got a smoking shortbow
 10952 | Bailey   | Identified the +11 shortbow "Gadghi" {freeze, Dex+3} (You
                  | found it in a bailey)
 11136 | Temple   | Entered the Ecumenical Temple
 11202 | Temple   | Became a worshipper of Makhleb the Destroyer
 11284 | D:8      | Noticed Psyche
 11297 | D:8      | Killed Psyche
 11297 | D:8      | Reached XP level 11. HP: 90/100 MP: 11/11
 11335 | D:8      | Noticed Pikel
 11342 | D:8      | Killed Pikel
 11530 | D:8      | Noticed an orange crystal statue
 11645 | D:8      | Killed an orange crystal statue
 12224 | D:9      | Got a crude plate armour
 12225 | D:9      | Identified the +3 plate armour of the New World {rElec
                  | Str+4 Int+3} (You found it on level 9 of the Dungeon)
 12520 | D:8      | Killed an obsidian statue
 12585 | D:9      | Noticed Joseph
 12600 | D:9      | Killed Joseph
 13465 | D:9      | Reached skill level 15 in Axes
 13558 | D:9      | Found a roughly hewn altar of Beogh.
 13868 | D:10     | Entered Level 10 of the Dungeon
 14232 | D:10     | Noticed Gastronok
 14265 | D:10     | Reached skill level 1 in Invocations
 14330 | D:10     | Reached * piety under Makhleb
 14330 | D:10     | Reached skill level 10 in Armour
 14702 | D:10     | Noticed a deep elf mage
 14717 | D:10     | Killed a deep elf mage
 14873 | D:10     | Killed Gastronok
 14873 | D:10     | Reached XP level 12. HP: 109/109 MP: 14/16
 14922 | D:10     | Noticed a two-headed ogre
 14953 | D:10     | Killed a two-headed ogre
 15314 | D:11     | Reached ** piety under Makhleb
 16055 | D:11     | Reached *** piety under Makhleb
 16119 | D:11     | Found a staircase to the Lair.
 16256 | D:11     | Got a warped falchion
 16257 | D:11     | Identified the cursed +1 falchion of Rotation {slice, rF+
                  | Str+2} (You found it on level 11 of the Dungeon)
 16617 | Lair:1   | Entered Level 1 of the Lair of Beasts
 17610 | Lair:2   | Reached XP level 13. HP: 121/121 MP: 19/19
 18281 | Lair:2   | Reached **** piety under Makhleb
 18375 | Lair:3   | Got an iridescent lajatang
 18376 | Lair:3   | Identified the +3 lajatang of the Final Decision {freeze,
                  | +Blink} (You found it on level 3 of the Lair of Beasts)
 18797 | Lair:3   | Found an iron altar of Okawaru.
 19324 | Lair:3   | Found a staircase to the Swamp.
 19559 | Lair:3   | Found a staircase to the Snake Pit.
 19840 | Lair:4   | Reached skill level 10 in Invocations
 20531 | Lair:5   | Reached ***** piety under Makhleb
 20541 | Lair:5   | Found a labyrinth entrance.
 20556 | Lab      | Entered a labyrinth
 21117 | Lab      | Noticed a minotaur
 21135 | Lab      | Killed a minotaur
 21145 | Lab      | Got a distressingly furry scale mail
 21178 | Lair:4   | Identified the +3 scale mail of Vanity {rN+ MP+9 Str+4
                  | Stlth-} (You took it off a minotaur in a labyrinth)
 21475 | Lair:5   | Found a viscous altar of Jiyva.
 21476 | Lair:5   | Found a staircase to the Slime Pits.
 21682 | Lair:5   | Noticed Rupert
 21692 | Lair:6   | Entered Level 6 of the Lair of Beasts
 21736 | Lair:6   | Reached XP level 14. HP: 132/132 MP: 21/21
 21912 | Lair:6   | Reached skill level 15 in Fighting
 21959 | Lair:6   | Paralysed by a hornet for 2 turns
 21959 | Lair:6   | Noticed a dire elephant
 22687 | Lair:5   | Reached skill level 1 in Evocations
 22848 | Lair:6   | Killed a dire elephant
 23518 | Lair:5   | Killed Rupert
 23930 | Lair:6   | Noticed a dire elephant
 23949 | Lair:6   | Killed a dire elephant
 24480 | Swamp:1  | Entered Level 1 of the Swamp
 25127 | Swamp:1  | Reached skill level 15 in Armour
 25304 | Swamp:1  | Reached skill level 5 in Evocations
 25304 | Swamp:1  | Paralysed by a hornet for 3 turns
 26614 | Swamp:1  | Reached XP level 15. HP: 141/141 MP: 25/25
 26814 | Swamp:2  | Noticed Roxanne
 28281 | Swamp:2  | Noticed a thorn hunter
 28289 | Swamp:2  | Noticed a thorn hunter
 28676 | Swamp:2  | Killed a thorn hunter
 28853 | Swamp:2  | Killed a thorn hunter
 28853 | Swamp:2  | Reached skill level 15 in Invocations
 30403 | Swamp:4  | Entered Level 4 of the Swamp
 30424 | Swamp:3  | Paralysed by a hornet for 2 turns
 30428 | Swamp:3  | Paralysed by a hornet for 1 turns
 30931 | Swamp:3  | Reached XP level 16. HP: 108/149 MP: 25/28
 31408 | Swamp:4  | Reached ****** piety under Makhleb
 31415 | Swamp:4  | Noticed the 27-headed Lernaean hydra
 32017 | Swamp:4  | Got a decaying rune of Zot
 32526 | Snake:1  | Entered Level 1 of the Snake Pit
 32788 | D:12     | Noticed Urug
 32892 | D:12     | Killed Urug
 33505 | D:12     | Found a staircase to the Orcish Mines.
 33620 | D:12     | Noticed Josephine
 33661 | D:12     | Killed Josephine
 33809 | Orc:1    | Entered Level 1 of the Orcish Mines
 33914 | Orc:1    | Found a roughly hewn altar of Beogh.
 34117 | Orc:1    | Noticed Fannar
 34148 | Orc:1    | Killed Fannar
 34519 | Orc:1    | Found a runed gate.
 34519 | Orc:1    | Found a runed gate.
 34519 | Orc:1    | Found a runed gate.
 34521 | Orc:1    | Found an opulent altar of Gozag.
 34529 | Orc:1    | Noticed Cykl0x's ghost (novice DsBe)
 34561 | Orc:1    | Found Urghotiv's Assorted Antiques.
 34894 | Orc:1    | Killed Cykl0x's ghost
 34943 | Orc:1    | Bought a brightly glowing iron ring for 150 gold pieces
 34943 | Orc:1    | Identified the ring "Jokhoff" {*Contam Int+6 Dex+3 Stlth+}
                  | (You bought it in a shop on level 1 of the Orcish Mines)
 35012 | Orc:2    | Entered Level 2 of the Orcish Mines
 35121 | Orc:2    | Found Rokkis's Book Shoppe.
 35122 | Orc:2    | Found a roughly hewn altar of Beogh.
 35127 | Orc:2    | Noticed Nessos
 35133 | Orc:2    | Killed Nessos
 35183 | Orc:2    | Found a staircase to the Elven Halls.
 35205 | Orc:2    | Reached skill level 1 in Bows
 35747 | Orc:2    | Found Isupn's General Store.
 35747 | Orc:2    | Found Erehim's Distillery.
 35752 | Orc:2    | Found Acuulud's Armour Shoppe.
 35759 | Orc:2    | Found Tavievit's Armour Emporium.
 36747 | D:13     | Found Kuifius's Armour Boutique.
 36787 | D:13     | Found a runed gate.
 36788 | D:13     | Found a runed gate.
 36920 | D:13     | Noticed jepeman's ghost (journeyman SpEn)
 36926 | D:13     | Found a runed gate.
 36928 | D:13     | Found an iron altar of Okawaru.
 37884 | D:14     | Reached XP level 17. HP: 158/158 MP: 30/30
 38180 | D:14     | Reached skill level 5 in Bows
 38453 | D:14     | Found a gate to the Vaults.
 38555 | Vaults:1 | Entered Level 1 of the Vaults
 38582 | D:14     | You fall through a shaft!
 38582 | D:15     | Entered Level 15 of the Dungeon
 39359 | D:13     | Killed jepeman's ghost
 39739 | D:15     | Noticed a sphinx
 39771 | D:15     | Paralysed by a sphinx for 2 turns
 39790 | D:15     | Killed a sphinx
 39804 | D:15     | Found a glowing silver altar of Zin.
 39806 | D:15     | Found a deep blue altar of Sif Muna.
 39808 | D:15     | Found a shattered altar of Ashenzari.
 39955 | D:15     | Found a staircase to the Depths.
 39961 | Depths:1 | Entered Level 1 of the Depths
 40537 | D:15     | Got a warped double sword {pain}
 40919 | D:15     | Reached XP level 18. HP: 163/169 MP: 31/31
 41252 | D:14     | Identified the cursed +1 double sword of Mana {pain, SInv}
                  | (You took it off a deep elf knight on level 15 of the
                  | Dungeon)
 42873 | Snake:2  | Noticed Agnes
 42890 | Snake:2  | Killed Agnes
 43598 | Snake:2  | Found Dyeromep's General Store.
 44162 | Snake:3  | Found Wuholl's Book Shoppe.
 44677 | Snake:4  | Entered Level 4 of the Snake Pit
 45331 | Snake:4  | Reached XP level 19. HP: 168/180 MP: 32/32
 46386 | Snake:4  | Got a serpentine rune of Zot
 47739 | Vaults:1 | Found Uziaforr's General Store.
 48106 | Vaults:1 | Slain by a deep troll shaman (illusionary)

Skill      XL: |  1  2  3  4  5  6  7  8  9 10 11 12 13 14 15 16 17 18 19 |
---------------+----------------------------------------------------------+-----
Axes           | 3 4 5 6 7 8 10 12 14 15 17 18 19 20 | 20.0
Fighting       | 4 5 6 7 9 10 11 13 14 15 17 18 20 | 20.1
Armour         | 4 5 6 8 9 10 12 13 15 16 18 | 18.4
Shields        | 5 7 |  7.7
Invocations    | 6 8 10 13 16 18 | 18.0
Evocations     | 6 9 |  9.0
Bows           | 4 7 |  7.0

Action                   |  1- 3 |  4- 6 |  7- 9 | 10-12 | 13-15 | 16-18 | 19-21 || total
-------------------------+-------+-------+-------+-------+-------+-------+-------++-------
Melee: War axe           |    92 |   179 |   430 |   198 |    60 |    79 |       ||  1038
       Whip              |       |       |    24 |       |       |       |       ||    24
       Spear             |       |       |    10 |       |       |       |       ||    10
       Hand axe          |       |       |       |    40 |       |   863 |   385 ||  1288
       Battleaxe         |       |       |       |       |   391 |   166 |       ||   557
       Demon trident     |       |       |       |       |       |   232 |    54 ||   286
       Great mace        |       |       |       |       |       |    14 |       ||    14
       Mace              |       |       |       |       |       |    27 |       ||    27
       Scimitar          |       |       |       |       |       |     5 |       ||     5
 Fire: Hunting sling     |       |    29 |   129 |    64 |       |       |       ||   222
       Shortbow          |       |       |       |   498 |   893 |   992 |   295 ||  2678
       Longbow           |       |       |       |       |       |     8 |       ||     8
Invok: Lesser Servant of |       |       |       |       |     9 |     7 |       ||    16
       Major Destruction |       |       |       |       |     6 |     2 |     2 ||    10
       Minor Destruction |       |       |       |       |    10 |       |       ||    10
 Abil: Evoke Blink       |       |       |       |       |     1 |       |       ||     1
Evoke: Wand              |       |       |       |       |    21 |     2 |       ||    23
       Lamp of fire      |       |       |       |       |       |     1 |     1 ||     2
  Use: Scroll            |     4 |     3 |     1 |     8 |    17 |    12 |     4 ||    49
       Potion            |     2 |       |     2 |       |     2 |     3 |       ||     9
 Stab: Sleeping          |       |     3 |       |       |       |       |       ||     3
       Invisible         |       |       |       |     2 |       |       |       ||     2
  Eat: Chunk             |       |     8 |    18 |    25 |    41 |    39 |     5 ||   136
       Ration            |       |       |       |     1 |     4 |     3 |     1 ||     9
Armor: Scale mail        |    50 |    51 |    32 |       |       |       |       ||   133
       Plate armour      |       |       |   111 |   279 |   750 |  1121 |   220 ||  2481
Dodge: Dodged            |    28 |    32 |    63 |   146 |   370 |   561 |   109 ||  1309
Block: Shield            |    41 |   114 |   315 |    93 |       |       |       ||   563
       Reflection        |       |     6 |    13 |    29 |     2 |    27 |     4 ||    81
       Other             |       |       |       |    97 |   233 |   259 |    63 ||   652
       Buckler           |       |       |       |       |       |     4 |       ||     4
       Rpst.: Scimitar   |       |       |       |       |       |     1 |       ||     1
